 Dungeon Crawl Stone Soup version 0.24-a0-335-g06ca16a (webtiles) character file.

Game seed: 7569169706802166712

33647 Darkshadow the Warrior (level 13, -11/128 HPs)
             Began as a Minotaur Berserker on May 17, 2019.
             Was a High Priest of Trog.
             Mangled by a black mamba (13 damage)
             ... on level 5 of the Lair of Beasts on May 18, 2019.
             The game lasted 00:43:54 (18754 turns).

Darkshadow the Warrior (Minotaur Berserker)        Turns: 18754, Time: 00:43:54

Health: -11/128    AC: 23    Str: 22    XL:     13   Next: 37%
Magic:  0/4        EV: 12    Int:  9    God:    Trog [*****.]
Gold:   1039       SH:  0    Dex: 15    Spells: 12/12 levels left

rFire    . . .     SeeInvis .   V - +2 great mace (antimagic)
rCold    . . .     Gourm    .   (shield currently unavailable)
rNeg     . . .     Faith    .   D - +0 plate armour
rPois    .         Spirit   +   (helmet restricted)
rElec    .         Reflect  .   w - +0 cloak
rCorr    +         Harm     .   X - +0 pair of gloves
MR       .....                  (no boots)
Stlth    ..........             Y - amulet of guardian spirit
HPRegen  0.31/turn              u - +4 ring of protection
MPRegen  0.09/turn              S - ring of resist corrosion

@: brilliant, hasted, very quick
A: retaliatory headbutt, horns 2
a: Berserk, Trog's Hand, Brothers in Arms, Renounce Religion


You were on level 5 of the Lair of Beasts.
You worshipped Trog.
Trog was extremely pleased with you.
You were not hungry.

You visited 2 branches of the dungeon, and saw 18 of its levels.

You collected 1039 gold pieces.

Inventory:

Hand Weapons
 R - a +2 dire flail of crushing
 V - a +2 antimagic great mace (weapon)
Missiles
 g - 446 stones (quivered)
Armour
 w - a +0 cloak (worn)
 C - +0 fire dragon scales
 D - a +0 plate armour (worn)
 X - a +0 pair of gloves (worn)
Jewellery
 u - a +4 ring of protection (left hand)
 B - an uncursed ring of ice
 K - an uncursed ring of flight
 S - a ring of resist corrosion (right hand)
 Y - an amulet of guardian spirit (around neck)
Wands
 n - a wand of clouds (6)
 q - a wand of disintegration (13)
 M - a wand of polymorph (11)
 Z - a wand of acid (13)
Scrolls
 e - 3 scrolls of fog
 f - 14 scrolls of remove curse {@r2}
 i - 5 scrolls of blinking {unknown}
 j - 2 scrolls of immolation
 o - 18 scrolls of teleportation
 y - 8 scrolls of identify {@r1}
 G - 5 scrolls of enchant armour
 H - a scroll of brand weapon {unknown}
 J - a scroll of enchant weapon {unknown}
 N - a scroll of vulnerability {unknown}
 O - 3 scrolls of magic mapping {unknown}
 P - 2 scrolls of summoning {unknown}
 W - 2 scrolls of fear
Potions
 a - 2 potions of might {unknown}
 d - 4 potions of flight
 h - 3 potions of haste
 k - 2 potions of heal wounds {unknown}
 m - 10 potions of curing {@q1}
 p - a potion of cancellation {unknown}
 r - 6 potions of mutation
 t - 3 potions of brilliance
 x - a potion of berserk rage
 z - 3 potions of agility {unknown}
 A - 3 potions of degeneration {unknown}
 I - a potion of invisibility {unknown}
 T - 2 potions of lignification {unknown}
 U - a potion of ambrosia {unknown}
Comestibles
 c - 37 rations


   Skills:
 + Level 15.8 Fighting
 * Level 14.0 Maces & Flails
 + Level 13.6 Armour
 + Level 10.1 Dodging


You had 12 spell levels left.
You didn't know any spells.
Your spell library was empty.

Dungeon Overview and Level Annotations

Branches:
Dungeon (12/15)            Temple (0/1) D:6            Lair (6/6) D:11
  Swamp (0/4) Lair:2        Snake (0/4) Lair:3        Slime (0/5) Lair:5
    Orc (0/2) D:10

Altars:
Fedhas
Gozag
Kikubaaqudgha
Nemelex Xobeh
Okawaru
Qazlal
Vehumet
Xom
Jiyva

Shops:
D:2 *   D:4 (*!   D:6 =   D:10 *   D:12 [

Annotations:
D:5 2 transporters, thesequoiad's ghost, novice GrGl
D:9 exclusion: oklob plant
Lair:5 1 runed translucent door, Dernum's ghost, journeyman HOMo


Innate Abilities, Weirdness & Mutations

You reflexively headbutt those who attack you in melee.
You have a pair of horns on your head.


Message History

The spiny frog stings you.
* * * LOW HITPOINT WARNING * * *
It was a potion of brilliance.
You feel clever all of a sudden.
The black mamba bites you but does no damage.
The spiny frog stings you!
* * * LOW HITPOINT WARNING * * *
The black mamba barely misses you. You furiously retaliate!
You headbutt the black mamba. What are your orders? t - Shout!
Orders for allies: a - Attack new target. r - Retreat! s - Stop attacking. g - Guard the area. f - Follow me.
Anything else - Cancel.
Okay, then.
Unknown command.
It was a potion of haste.
You feel yourself speed up. The black mamba bites you!
You die...

###..### ##......#...#.......PP+#
.#...#.###.......#.#.#.......#..P
##......#.#......#...........P...
#.......###...........#..........
......#####.................#....
..P...##.....................###.
......P#..........##.##........#.
................S....#..........+
...............F@..............>.
.................................
.................................
.................................
.................#+.#............
....#...#+...#......#...#.##.....
...###:#.....##.....##.....##..#.
....#..#.....##.....##.....##..##
...#...#.....##..8..##.....##..##


You could see a black mamba and a spiny frog.

Vanquished Creatures
  Snorg (D:10)
  Fannar (Lair:3)
  4 hydras
  An unseen horror (D:11)
  3 oklob plants
  9 elephants
  A manticore (D:11)
  2 black mambas (Lair:3)
  6 spiny frogs
  4 komodo dragons
  2 hippogriffs
  2 trolls (D:11)
  7 blink frogs
  A polar bear (Lair:5)
  6 dream sheep
  A wraith (D:10)
  A spriggan (D:10)
  31 yaks
  4 wyverns
  A hungry ghost (D:7)
  A basilisk (Lair:5)
  21 water moccasins
  8 porcupines
  4 ice beasts
  6 orc warriors
  2 sky beasts
  A black bear (D:10)
  3 ogres
  3 centaurs
  12 crocodiles
  16 wolves
  Blork the orc (D:6)
  11 bullfrogs
  2 scorpions (D:7)
  17 killer bees
  7 electric eels
  3 vampire bats (Lair:3)
  2 howler monkeys (D:9)
  A bullfrog zombie (D:5)
  2 crimson imps
  9 jellies
  Crazy Yiuf (D:2)
  6 orc priests
  6 hounds
  A bullfrog skeleton (D:4)
  2 centaur skeletons
  5 iguanas
  7 orc wizards
  6 worker ants
  A statue (D:4)
  A killer bee zombie (D:7)
  A hound zombie (D:7)
  3 hound skeletons
  2 howler monkey zombies
  7 gnolls
  24 adders
  12 oozes
  An adder zombie (D:5)
  An adder skeleton (D:7)
  2 worms (D:3)
  3 dart slugs
  4 leopard geckos
  34 orcs
  6 ball pythons
  6 giant cockroaches
  7 goblins
  18 hobgoblins
  9 jackals
  11 kobolds
  2 quokkas
  13 bats
  6 frilled lizards
  A leopard gecko zombie (D:7)
  3 quokka skeletons
  14 rats
  3 plants
449 creatures vanquished.

Vanquished Creatures (collateral kills)
  A two-headed ogre (D:9)
  A swamp dragon (Lair:2)
  An oklob plant (Lair:4)
  A gargoyle (D:11)
  A wraith (D:11)
  2 orc warriors (D:11)
  A wolf (D:11)
  2 electric eels (D:11)
  A quasit (D:11)
  5 hounds (D:11)
  2 orc priests (D:11)
  3 orc wizards (D:11)
  7 orcs (D:11)
  A plant (Lair:4)
29 creatures vanquished.

Vanquished Creatures (others)
  18 fungi
  11 plants
29 creatures vanquished.

Grand Total: 507 creatures vanquished

Notes
Turn   | Place    | Note
-------+----------+-------------------------------------------
     0 | D:1      | Darkshadow the Minotaur Berserker began the quest for the
                  | Orb.
     0 | D:1      | Reached XP level 1. HP: 19/19 MP: 0/0
    43 | D:1      | Reached XP level 2. HP: 24/27 MP: 1/1
   191 | D:1      | Reached skill level 4 in Fighting
   294 | D:1      | Reached XP level 3. HP: 13/33 MP: 2/2
   539 | D:1      | You fall through a shaft!
   548 | D:2      | Reached ** piety under Trog
   859 | D:2      | Found an opulent altar of Gozag.
   873 | D:2      | Found Gozag's Platinum Reserve.
   878 | D:2      | Reached XP level 4. HP: 34/41 MP: 3/3
  1529 | D:2      | Found a runed translucent door.
  1530 | D:2      | Noticed Crazy Yiuf
  1723 | D:2      | Killed Crazy Yiuf
  1782 | D:3      | Noticed a bullfrog
  1782 | D:3      | Reached XP level 5. HP: 40/47 MP: 4/4
  1793 | D:3      | Reached skill level 5 in Fighting
  2125 | D:3      | Reached skill level 5 in Maces & Flails
  2199 | D:3      | Noticed an ice beast
  2211 | D:3      | Killed an ice beast
  2211 | D:3      | Reached XP level 6. HP: 56/56 MP: 5/5
  2389 | D:3      | Reached *** piety under Trog
  2648 | D:4      | Found Vipiting's Distillery.
  2789 | D:4      | Found Ewuarghi's General Store.
  3066 | D:4      | Found Amoydd's Weapon Shop.
  3120 | D:4      | Found a radiant altar of Vehumet.
  3133 | D:4      | Reached skill level 5 in Armour
  3133 | D:4      | Reached XP level 7. HP: 62/62 MP: 6/6
  3630 | D:5      | Entered Level 5 of the Dungeon
  3731 | D:5      | Reached skill level 6 in Fighting
  3776 | D:5      | Reached skill level 5 in Dodging
  3956 | D:5      | Found a radiant altar of Vehumet.
  4099 | D:5      | Found a transporter.
  4101 | D:5      | Found a transporter.
  4106 | D:5      | Noticed thesequoiad's ghost (novice GrGl)
  4225 | D:5      | Reached **** piety under Trog
  4501 | D:6      | Found Adujed's Jewellery Emporium.
  4798 | D:6      | Noticed Blork the orc
  4808 | D:6      | Killed Blork the orc
  4808 | D:6      | Reached XP level 8. HP: 71/71 MP: 7/7
  4931 | D:6      | Found a staircase to the Ecumenical Temple.
  5040 | D:6      | Reached skill level 7 in Fighting
  5154 | D:6      | Found a blossoming altar of Fedhas.
  5891 | D:7      | Reached XP level 9. HP: 74/81 MP: 8/8
  5953 | D:7      | Reached skill level 8 in Fighting
  6710 | D:8      | Reached ***** piety under Trog
  6764 | D:8      | Found an iron altar of Okawaru.
  6765 | D:8      | Found a stormy altar of Qazlal.
  7324 | D:9      | Reached skill level 9 in Fighting
  7754 | D:9      | Found a sparkling altar of Nemelex Xobeh.
  7994 | D:9      | Noticed an oklob plant
  8014 | D:9      | Reached XP level 10. HP: 90/91 MP: 9/9
  8227 | D:10     | Entered Level 10 of the Dungeon
  8376 | D:10     | Noticed a two-headed ogre
  8414 | D:9      | Killed a two-headed ogre
  8930 | D:10     | Found Plog's General Store.
  8937 | D:10     | Found a staircase to the Orcish Mines.
  9039 | D:10     | Noticed Snorg
  9079 | D:11     | Noticed a gargoyle
  9087 | D:11     | Reached skill level 10 in Maces & Flails
  9095 | D:11     | Reached skill level 10 in Fighting
  9097 | D:11     | Killed a gargoyle
  9554 | D:11     | Found a staircase to the Lair.
  9588 | D:11     | Reached skill level 10 in Armour
 10128 | D:11     | Received a gift from Trog
 10277 | D:11     | Noticed a manticore
 10287 | D:11     | Killed a manticore
 10287 | D:11     | Reached XP level 11. HP: 93/101 MP: 10/10
 10314 | D:10     | Killed Snorg
 10922 | D:11     | Killed an unseen horror
 10922 | D:11     | Reached skill level 11 in Fighting
 11129 | D:12     | Found Xuckiunn's Armour Boutique.
 11150 | D:12     | Upgraded the game from 0.24-a0-334-g5a7c772 to
                  | 0.24-a0-335-g06ca16a
 11199 | Lair:1   | Entered Level 1 of the Lair of Beasts
 12251 | Lair:2   | Reached skill level 12 in Fighting
 12396 | Lair:2   | Received a gift from Trog
 12425 | Lair:2   | Found a staircase to the Swamp.
 12432 | Lair:2   | Noticed a swamp dragon
 12453 | Lair:2   | Killed a swamp dragon
 13394 | Lair:2   | Found an ancient bone altar of Kikubaaqudgha.
 13423 | Lair:2   | Reached skill level 13 in Fighting
 13430 | Lair:2   | Reached XP level 12. HP: 115/115 MP: 11/11
 13749 | Lair:3   | Received a gift from Trog
 13831 | Lair:3   | Found a staircase to the Snake Pit.
 14279 | Lair:3   | Noticed Fannar
 14445 | Lair:3   | Noticed a six-headed hydra
 14453 | Lair:3   | Killed a six-headed hydra
 14936 | Lair:3   | Killed Fannar
 14961 | Lair:3   | Reached skill level 14 in Fighting
 15319 | Lair:3   | Noticed a five-headed hydra
 15327 | Lair:3   | Killed a five-headed hydra
 16422 | Lair:4   | Noticed a four-headed hydra
 16431 | Lair:4   | Killed a four-headed hydra
 16534 | Lair:4   | Reached skill level 15 in Fighting
 17229 | Lair:5   | Noticed a four-headed hydra
 17240 | Lair:4   | Killed a four-headed hydra
 17282 | Lair:4   | Reached XP level 13. HP: 89/127 MP: 1/12
 17833 | Lair:5   | Found a staircase to the Slime Pits.
 17838 | Lair:5   | Found a viscous altar of Jiyva.
 18392 | Lair:5   | Reached skill level 10 in Dodging
 18496 | Lair:5   | Found a runed translucent door.
 18496 | Lair:5   | Found a shimmering altar of Xom.
 18496 | Lair:5   | Noticed Dernum's ghost (journeyman HOMo)
 18670 | Lair:6   | Entered Level 6 of the Lair of Beasts
 18753 | Lair:5   | HP: 1/128 [spiny frog (9)]
 18754 | Lair:5   | Mangled by a black mamba

Levels and vault maps discovered:
D:1:      zelgadis_glass_arrival_small, layout_basic
D:2:      layout_loops_ring, nicolae_gozag_zags_fifth_avenue,
          uniq_crazy_yiuf_cottage
D:3:      layout_basic
D:4:      layout_loops_corners, vehumet_statue, first_ration, serial_shops,
          shop, shop, shop
D:5:      layout_basic, gammafunk_ghost_hive, vehumet_altar_wand_db
D:6:      layout_loops_ring, fedhas_altar_2, temple_fountains, serial_shops,
          shop, lemuel_flame_loot_1, uniq_blork_the_orc
D:7:      layout_basic
D:8:      layout_gridville, chequers_temple_overflow_statue_of_worship
D:9:      lemuel_slime, layout_stronghold, overflow_temple_1_default
D:10:     layout_long_grid, orc_0_dummy, serial_shops, shop, grunt_pizzeria,
          uniq_snorg
D:11:     layout_basic, erik_lair_island
D:12:     layout_gridville, serial_shops, shop_statue, serial_glass,
          glass_columns_c, glass_columns_a, uniq_rupert
Lair:1:   layout_loops_ring
Lair:2:   layout_chaotic_city, minmay_swamp_entry_reptiles, basic_altar,
          lemuel_fruit_tree, lemuel_fruit_fields
Lair:3:   layout_chaotic_city, minmay_snake_entry_six_corridors,
          roderic_batcave, serial_bayou_ford_a, serial_bayou_lagoon_a,
          infiniplex_staircase_pool, uniq_fannar
Lair:4:   layout_loops_ring, minmay_lair_oklob_chamber, grunt_megastairs_5,
          serial_bayou_shore_a
Lair:5:   layout_regular_city, slime_altar_1, ebering_ghost_xom,
          chequers_serial_rivers_room_a, serial_bayou_shore_b,
          lemuel_fruit_fields, grunt_megastairs_3
Lair:6:   gammafunk_lair_ancient_temple, layout_small_grid,
          serial_bayou_crossing

Skill      XL: |  1  2  3  4  5  6  7  8  9 10 11 12 13 |
---------------+----------------------------------------+-----
Fighting       | 4 5 6 7 9 10 13 15 | 15.8
Maces & Flails | 4 5 6 7 9 10 12 13 14 | 14.0
Armour         | 3 4 5 6 7 9 10 11 13 | 13.6
Dodging        | 3 4 5 6 8 9 10 | 10.1

Action                   |  1- 3 |  4- 6 |  7- 9 | 10-12 | 13-15 || total
-------------------------+-------+-------+-------+-------+-------++-------
Melee: Mace              |    83 |   120 |   383 |   151 |       ||   737
       Headbutt          |    13 |    21 |   103 |   154 |    41 ||   332
       Dire flail        |       |       |       |   225 |       ||   225
       Great mace        |       |       |       |   218 |   149 ||   367
Throw: Stone             |       |     2 |       |       |       ||     2
Invok: Berserk           |     2 |     3 |     8 |    15 |     1 ||    29
       Brothers in Arms  |       |       |       |     7 |       ||     7
       Trog's Hand       |       |       |       |     1 |       ||     1
  Use: Scroll            |       |       |    14 |     1 |       ||    15
       Potion            |       |       |     2 |     1 |     3 ||     6
  Eat: Chunk             |     2 |    10 |    18 |    37 |     6 ||    73
       Ration            |       |       |     2 |     3 |       ||     5
Armor: Animal skin       |    22 |    32 |       |       |       ||    54
       Chain mail        |       |    32 |   156 |       |       ||   188
       Plate armour      |       |       |    86 |   465 |    93 ||   644
       Fire dragon scale |       |       |     2 |       |       ||     2
Dodge: Dodged            |    74 |   110 |   210 |   463 |   103 ||   960

Table legend:
 A = Non-vault XP
 B = Vault XP
 C = Vault XP percentage of total XP
 D = Non-vault monster count
 E = Vault monster count
 F = Vault count percentage of total count
                 A         B        C        D         E       F
            +---------+---------+-------+---------+---------+-------
      Total |   39707 |    8361 |  17.4 |     404 |      70 |  14.8
            +---------+---------+-------+---------+---------+-------
        D:1 |      53 |       0 |   0.0 |      30 |       0 |   0.0
        D:2 |      96 |      41 |  29.9 |      27 |       1 |   3.6
        D:3 |     331 |       0 |   0.0 |      34 |       0 |   0.0
        D:4 |     301 |      32 |   9.6 |      14 |       1 |   6.7
        D:5 |     427 |       2 |   0.5 |      21 |       1 |   4.5
        D:6 |     867 |      94 |   9.8 |      25 |       1 |   3.8
        D:7 |    1231 |       0 |   0.0 |      26 |       0 |   0.0
        D:8 |     685 |       0 |   0.0 |      14 |       0 |   0.0
        D:9 |    1790 |     328 |  15.5 |      21 |      17 |  44.7
       D:10 |     659 |    1363 |  67.4 |      15 |       2 |  11.8
       D:11 |    4569 |     620 |  11.9 |      49 |       8 |  14.0
     Lair:1 |    2666 |       0 |   0.0 |      11 |       0 |   0.0
     Lair:2 |    5441 |     631 |  10.4 |      23 |       5 |  17.9
     Lair:3 |    5691 |    2147 |  27.4 |      28 |      26 |  48.1
     Lair:4 |    5318 |    2837 |  34.8 |      25 |       7 |  21.9
     Lair:5 |    8228 |     266 |   3.1 |      34 |       1 |   2.9
     Lair:6 |    1354 |       0 |   0.0 |       7 |       0 |   0.0
            +---------+---------+-------+---------+---------+-------
